 Dungeon Crawl Stone Soup version 0.30-a0-867-g305f33218d (webtiles) character file.

Game seed: 9851325861424320199

100596 cheesebisquit the Grappler (level 15, -4/152 HPs)
             Began as a Troll Fighter on Mar 9, 2023.
             Was an Elder of Okawaru.
             Slain by a culicivora (14 damage)
             ... on level 1 of the Spider Nest on Mar 10, 2023.
             The game lasted 02:07:17 (27924 turns).

cheesebisquit the Grappler (Troll Fighter)         Turns: 27924, Time: 02:07:17

Health: -4/152     AC:  3    Str: 37    XL:     15   Next: 81%
Magic:  19/19      EV: 10    Int:  6    God:    Okawaru [****..]
Gold:   1298       SH: 17    Dex: 12    Spells: 14/14 levels left

rFire   . . .      SeeInvis +      - Unarmed
rCold   . . .      Faith    .    w - +1 tower shield
rNeg    . . .      Spirit   .    D - +1 troll leather armour {Snorg}
rPois   .          Reflect  .    r - +3 crown of Dyrovepreva {rElec Int+2 SInv}
rElec   +          Rampage  .    N - scarf {repulsion}
rCorr   +                        (gloves unavailable)
Will    ++...                    (boots unavailable)
Stlth   +                        n - amulet of the acrobat
HPRegen 2.05/turn                z - ring "Tynnast" {rCorr Str+3}
MPRegen 0.16/turn                P - ring of Heoreton {Will+ Dex+3}

@: corroded, studying Long Blades, repel missiles
A: large, unfitting armour, claws 3, regeneration 1, shaggy fur 1, tough skin 1
a: Renounce Religion, Heroism, Finesse


You were on level 1 of the Spider Nest.
You worshipped Okawaru.
Okawaru was greatly pleased with you.
You visited 5 branches of the dungeon, and saw 24 of its levels.
You also visited: Sewer, Ossuary and Bailey.

You collected 2721 gold pieces.
You spent 1423 gold pieces at shops.

Inventory:

Hand Weapons
 B - a +2 flail of draining
Missiles
 b - 2 boomerangs (quivered)
 f - a boomerang of dispersal
 p - 14 poisoned darts
 I - 67 stones
 L - 27 large rocks
 O - 5 silver javelins
 U - 3 atropa-tipped darts
 Z - 2 javelins
Armour
 r - the +3 crown of Dyrovepreva (worn) {rElec Int+2 SInv}
   (You bought it in a shop on level 2 of the Orcish Mines)

   Int:       It affects your intelligence (+2).
   rElec:     It insulates you from electricity.
   SInv:      It lets you see invisible.
 w - a +1 tower shield (worn)
 D - a +1 troll leather armour (worn) {Snorg}
 F - +1 steam dragon scales
 N - a scarf of repulsion (worn)
Jewellery
 n - an amulet of the acrobat (around neck)
 z - the ring "Tynnast" (left claw) {rCorr Str+3}
   (You bought it in a shop on level 2 of the Orcish Mines)

   [ring of resist corrosion]

   Str:       It affects your strength (+3).
   rCorr:     It protects you from acid and corrosion.
 J - a +5 ring of evasion
 K - a ring of protection from fire
 M - a +4 ring of protection
 P - the ring of Heoreton (right claw) {Will+ Dex+3}
   (You found it on level 13 of the Dungeon)

   [ring of willpower]

   Dex:       It affects your dexterity (+3).
   Will:      It increases your willpower.
 S - a ring of poison resistance
Wands
 a - a wand of flame (13)
 h - a wand of roots (24)
 k - a wand of mindburst (9)
 q - a wand of digging (6)
 G - a wand of paralysis (10)
 Q - a wand of quicksilver (3)
Scrolls
 c - 5 scrolls of poison
 d - 4 scrolls of enchant weapon
 g - 5 scrolls of fear
 j - 2 scrolls of vulnerability
 l - 3 scrolls of brand weapon
 s - a scroll of immolation
 t - a scroll of blinking
 u - 11 scrolls of teleportation
 E - 2 scrolls of torment
 R - 2 scrolls of silence
 V - 2 scrolls of fog
 Y - a scroll of identify
Potions
 e - 3 potions of attraction
 i - 4 potions of flight
 m - 3 potions of resistance
 o - 7 potions of ambrosia
 v - a potion of heal wounds
 x - 11 potions of curing
 A - 2 potions of mutation
 C - 2 potions of invisibility
 H - 4 potions of might
 T - 5 potions of haste
 W - 2 potions of lignification
 X - a potion of magic
Miscellaneous
 y - a lightning rod (4/4)


   Skills:
 + Level 10.6 Fighting
 + Level 11.2 Throwing
 + Level 6.7 Armour
 + Level 7.3 Dodging
 + Level 11.5 Shields
 + Level 14.9 Unarmed Combat
 + Level 7.4 Invocations


You had 14 spell levels left.
You didn't know any spells.
Your spell library contained the following spells:

 Spells                   Type           Power      Damage    Failure   Level
 Apportation              Tloc           0%         N/A       89%         1
 Blink                    Tloc           0%         N/A       96%         2
 Ensorcelled Hibernation  Hex/Ice        0%         N/A       96%         2
 Lesser Beckoning         Tloc           0%         N/A       96%         2
 Momentum Strike          Conj/Tloc      0%         3d8       96%         2
 Passwall                 Tmut/Erth      0%         N/A       96%         2
 Inner Flame              Hex/Fire       0%         N/A       99%         3
 Swiftness                Air            0%         N/A       99%         3
 Cause Fear               Hex            0%         N/A       100%        4
 Flame Wave               Conj/Fire      0%         2d4       100%        4
 Sticky Flame             Conj/Fire      0%         2d3       100%        4
 Alistair's Intoxication  Tmut/Pois      0%         N/A       100%        5
 Blade Hands              Tmut           0%         N/A       100%        5
 Eringya's Noxious Bog    Tmut/Pois      0%         N/A       100%        6
 Iron Shot                Conj/Erth      0%         9d1       100%        6
 Discord                  Hex            0%         N/A       100%        8
 Animate Armour           Summ/Erth      Unusable   N/A       N/A         4
 Summon Forest            Summ/Tloc      Unusable   N/A       N/A         5
 Summon Hydra             Summ           Unusable   N/A       N/A         7

Dungeon Overview and Level Annotations

Branches:
Dungeon (15/15)            Temple (1/1) D:5            Lair (5/5) D:10
 Shoals (0/4) Lair:3       Spider (1/4) Lair:2        Slime (0/5) Lair:5
    Orc (2/2) D:12            Elf (0/3) Orc:2        Vaults (0/5) D:14
 Depths (0/4) D:15          Sewer (visited)         Ossuary (visited)
 Bailey (visited)

Altars:
Ashenzari
Cheibriados
Dithmenos
Elyvilon
Fedhas
Gozag
Hepliaklqana
Kikubaaqudgha
Makhleb
Nemelex Xobeh
Okawaru
Qazlal
Ru
Sif Muna
Trog
Uskayaw
Vehumet
Wu Jian
Xom
Yredelemnul
Zin
The Shining One
Jiyva

Shops:
D:4 (   D:8 [   D:13 *   Orc:2 (***


Innate Abilities, Weirdness & Mutations

You are too large for most types of armour.
You have claws for hands.
Your natural rate of healing is unusually fast.
You are covered in fur. (AC +1)
You have tough skin. (AC +1)


Message History

The jumping spider leaps!
A wolf spider comes into view.
The entropy weaver hits you. You block the entropy weaver's attack.
The entropy weaver closely misses you. The entropy weaver barely misses you.
A redback comes into view.
The jumping spider leaps!
You scratch the entropy weaver but do no damage.
The entropy weaver is almost dead.
The entropy weaver hits you but does no damage. x2
You block the entropy weaver's attack. x2; The jumping spider leaps!
You block the culicivora's attack. The entropy weaver barely misses you.
The entropy weaver hits you! x3
You scratch the entropy weaver but do no damage.
The entropy weaver is almost dead.
The jumping spider leaps!
The culicivora bites you.
The culicivora draws strength from your injuries!
The entropy weaver gestures at you while chanting.
The entropic weave corrodes you!
You miss the entropy weaver.
The entropy weaver is almost dead.
You block the culicivora's attack.
The jumping spider leaps!
You block the culicivora's attack. The entropy weaver hits you!
The entropy weaver completely misses you.
You block the entropy weaver's attack.
The entropy weaver hits you but does no damage.
You mangle the entropy weaver!!
You kill the entropy weaver!
Okawaru accepts your kill. The culicivora bites you!!
* * * LOW HITPOINT WARNING * * *
The culicivora draws strength from your injuries!
You feel much better. You block the culicivora's attack.
The culicivora bites you!!
* * * LOW HITPOINT WARNING * * *
The culicivora draws strength from your injuries!
The culicivora bites you!!
* * * LOW HITPOINT WARNING * * *
The culicivora draws strength from your injuries!
The culicivora bites you!
You die...

.............###
#^.........<##
.............#
............##
............#
..##.°....## ##
###...## ##...#
#.@..# #ss..#
#s?....#
s.#.....#
.†........#
...##......#..
... ##.....!...
.. ..........


You could see a wolf spider, 2 culicivoras and a redback.

Vanquished Creatures
  Agnes (D:13)
  An orc warlord (D:12)
  A very ugly thing (D:13)
  The ghost of tarna41 the Fighter, a journeyman MiBe of Trog (D:13)
  Snorg (Orc:2)
  An ettin (D:15)
  2 entropy weavers (Spider:1)
  Fannar (Lair:2)
  10 hydras
  2 ogre magi
  4 centaur warriors
  10 two-headed ogres
  5 death yaks
  6 boulder beetles
  3 tengu warriors
  Urug (Lair:1)
  4 skysharks
  A hell knight (D:15)
  6 skeletal warriors
  A deep troll (D:15)
  A pharaoh ant (Lair:2)
  Lodul (D:13)
  A goliath frog (Lair:5)
  A wizard (D:15)
  A wolf spider (Spider:1)
  3 orc knights
  An oklob plant (Lair:4)
  3 deep elf pyromancers
  5 cyclopes
  6 ugly things
  3 manticores
  8 elephants
  2 black mambas
  A merfolk siren (Lair:3)
  A demonic crawler (Spider:1)
  2 torpor snails
  2 gargoyles
  23 cane toads
  5 unseen horrors
  3 freezing wraiths
  3 kobold demonologists (D:11)
  2 rime drakes (Lair:4)
  9 komodo dragons
  2 tengu conjurers
  4 efreet
  2 tarantellas
  5 trolls
  2 tyrant leeches
  3 meliai
  A hornet (Lair:1)
  Prince Ribbit (D:9)
  17 blink frogs
  17 dream sheep
  3 slime creatures (D:13)
  3 jumping spiders
  2 centaur simulacra
  3 culicivoras
  2 shadows
  A vampire (Bailey)
  3 wraiths
  25 yaks
  4 wyverns
  3 basilisks
  15 vampire mosquitoes
  2 steam dragons (D:9)
  A warg (Orc:2)
  6 redbacks
  Menkaure (D:5)
  11 water moccasins
  Duvessa (D:4)
  An acid dragon (D:12)
  2 sky beasts
  38 orc warriors
  12 ogres
  3 black bears
  5 boggarts (D:14)
  6 wolves (Lair:2)
  28 centaurs
  A phantom (D:12)
  A kobold brigand (D:11)
  3 gnoll sergeants
  Blork the orc (D:4)
  6 scorpions
  16 bullfrogs
  9 wights
  Dowan (D:4)
  2 troll zombies (D:12)
  8 vampire bats (Bailey)
  3 electric eels
  9 wolf zombies (Bailey)
  A quasit (D:7)
  A gnoll bouda (D:3)
  18 orc priests
  5 jellies
  3 hounds
  4 iguanas
  18 orc wizards
  6 ogre zombies (D:12)
  A mummy (Ossuary)
  20 gnolls
  11 adders
  5 shadow imps (D:7)
  3 white imps
  6 ufetubi
  A dart slug (D:1)
  71 orcs
  7 endoplasms
  11 giant cockroaches
  10 goblins
  9 hobgoblins
  5 jackals
  9 kobolds
  5 quokkas
  5 ball pythons
  4 bats
  7 frilled lizards
  10 gnoll skeletons (Ossuary)
  2 goblin skeletons (D:12)
  A goblin zombie (D:12)
  A hobgoblin skeleton (D:12)
  4 hobgoblin zombies (D:12)
  5 kobold skeletons (Ossuary)
  14 orc skeletons
  34 orc zombies
  2 rats (D:1)
  2 bushes (Lair:4)
  2 butterflies
767 creatures vanquished.

Vanquished Creatures (others)
  A black bear (D:6)
  An ogre (D:6)
  A jelly (D:6)
  An orc (D:6)
  5 demonic plants (D:7)
  35 fungi
  84 plants
128 creatures vanquished.

Grand Total: 895 creatures vanquished

Notes
Turn   | Place    | Note
-------+----------+-------------------------------------------
     0 | D:1      | cheesebisquit the Troll Fighter began the quest for the
                  | Orb.
     0 | D:1      | Reached XP level 1. HP: 22/22 MP: 0/0
   158 | D:1      | Reached XP level 2. HP: 28/29 MP: 1/1
   199 | D:1      | Reached skill level 3 in Unarmed Combat
   742 | D:2      | Reached XP level 3. HP: 36/36 MP: 2/2
   865 | D:2      | Reached skill level 4 in Unarmed Combat
  1390 | D:3      | Reached XP level 4. HP: 44/44 MP: 3/3
  1409 | D:3      | Reached skill level 5 in Unarmed Combat
  1717 | D:3      | Reached XP level 5. HP: 46/50 MP: 4/4
  2177 | D:4      | Found Recol's Antique Weapon Emporium.
  2190 | D:4      | Noticed Dowan
  2205 | D:4      | Noticed Duvessa
  2226 | D:4      | Reached skill level 6 in Unarmed Combat
  2232 | D:4      | Killed Duvessa
  2233 | D:4      | Reached XP level 6. HP: 23/59 MP: 5/5
  2241 | D:4      | Killed Dowan
  2242 | D:4      | Reached skill level 7 in Unarmed Combat
  2282 | D:4      | Noticed Blork the orc
  2293 | D:4      | Killed Blork the orc
  2332 | D:4      | Reached XP level 7. HP: 39/66 MP: 6/6
  2336 | D:4      | Reached skill level 8 in Unarmed Combat
  2491 | D:4      | Found a glowing drain.
  2500 | Sewer    | Entered a sewer
  2724 | Sewer    | Reached skill level 9 in Unarmed Combat
  3292 | D:5      | Entered Level 5 of the Dungeon
  3300 | D:5      | Upgraded the game from 0.30-a0-862-g1aabd4f9c5 to
                  | 0.30-a0-867-g305f33218d
  3398 | D:5      | Found a staircase to the Ecumenical Temple.
  3472 | Temple   | Entered the Ecumenical Temple
  3590 | D:5      | Reached skill level 1 in Throwing
  3611 | D:5      | Reached XP level 8. HP: 74/74 MP: 7/7
  3687 | D:5      | Found a stormy altar of Qazlal.
  4413 | D:6      | Found a shimmering altar of Xom.
  4556 | D:6      | Found a burning altar of Makhleb.
  4596 | D:6      | Found a sand-covered staircase.
  4606 | Ossuary  | Entered an ossuary
  4838 | D:6      | Found a sacrificial altar of Ru.
  5074 | D:6      | Reached XP level 9. HP: 29/84 MP: 8/8
  5208 | D:6      | Noticed Menkaure
  5220 | D:5      | Killed Menkaure
  5221 | D:5      | Reached skill level 10 in Unarmed Combat
  6089 | D:7      | Reached skill level 5 in Shields
  7264 | D:8      | Found an ancient bone altar of Kikubaaqudgha.
  7752 | D:8      | Reached skill level 5 in Fighting
  7804 | D:8      | Found Fucommit's Antique Armour Emporium.
  7850 | D:8      | Reached skill level 5 in Throwing
  8114 | D:9      | Found a hide-covered altar of Uskayaw.
  8143 | D:9      | Noticed Prince Ribbit
  8149 | D:9      | Reached XP level 10. HP: 94/96 MP: 9/9
  8155 | D:9      | Killed Prince Ribbit
  8198 | D:9      | Found a glowing golden altar of the Shining One.
  8198 | D:9      | Found a glowing silver altar of Zin.
  8315 | D:9      | Noticed a two-headed ogre
  8325 | D:9      | Killed a two-headed ogre
  8326 | D:9      | Reached skill level 11 in Unarmed Combat
  8622 | D:9      | Found a blossoming altar of Fedhas.
  8623 | D:9      | Found an opulent altar of Gozag.
  8626 | D:9      | Found an iron altar of Okawaru.
  8632 | D:9      | Found a white marble altar of Elyvilon.
  8637 | D:9      | Found a shimmering blue altar of Sif Muna.
  8640 | D:9      | Found a basalt altar of Yredelemnul.
  8641 | D:9      | Found a radiant altar of Vehumet.
  9048 | D:10     | Entered Level 10 of the Dungeon
  9285 | D:10     | Found a flagged portal.
  9294 | Bailey   | Entered a bailey
  9400 | Bailey   | Noticed a gargoyle
  9408 | Bailey   | Killed a gargoyle
  9490 | Bailey   | Identified the +1 pair of gloves "Leom" {Rampage Int+3}
 10031 | D:9      | Became a worshipper of Warmaster Okawaru
 10230 | D:10     | Reached * piety under Okawaru
 10263 | D:10     | Found a staircase to the Lair.
 10287 | D:10     | Reached XP level 11. HP: 102/107 MP: 10/10
 10557 | D:10     | Found a hazy altar of Hepliaklqana.
 10967 | D:11     | Noticed a two-headed ogre
 10980 | D:11     | Killed a two-headed ogre
 11143 | D:10     | Reached ** piety under Okawaru
 11203 | D:11     | Noticed a boulder beetle
 11212 | D:11     | Noticed a boulder beetle
 11224 | D:11     | Killed a boulder beetle
 11304 | D:11     | Noticed a green ugly thing
 11683 | D:11     | Reached skill level 12 in Unarmed Combat
 11687 | D:11     | Killed a green ugly thing
 11971 | D:11     | Noticed a boulder beetle
 11989 | D:11     | Killed a boulder beetle
 11989 | D:11     | Reached *** piety under Okawaru
 12099 | D:11     | Received a gift from Okawaru
 12716 | D:11     | Killed a boulder beetle
 12716 | D:11     | Reached **** piety under Okawaru
 12763 | D:12     | Noticed a boulder beetle
 12785 | D:12     | Killed a boulder beetle
 12862 | D:12     | Reached XP level 12. HP: 51/119 MP: 11/11
 13028 | D:12     | Found a staircase to the Orcish Mines.
 13756 | D:12     | Reached ***** piety under Okawaru
 14209 | Lair:1   | Entered Level 1 of the Lair of Beasts
 14251 | Lair:1   | Noticed Urug
 14266 | Lair:1   | Killed Urug
 14367 | Lair:1   | Noticed a death yak
 14423 | D:10     | Killed a death yak
 14423 | D:10     | Received a gift from Okawaru
 14424 | D:10     | Reached skill level 1 in Invocations
 14428 | Lair:1   | Reached skill level 1 in Armour
 14602 | Lair:1   | Received a gift from Okawaru
 15028 | Lair:1   | Noticed a five-headed hydra
 15041 | Lair:1   | Killed a six-headed hydra
 15041 | Lair:1   | Received a gift from Okawaru
 15042 | Lair:1   | Reached skill level 13 in Unarmed Combat
 15331 | Lair:2   | Noticed a boulder beetle
 15348 | Lair:2   | Killed a boulder beetle
 15719 | Lair:2   | Received a gift from Okawaru
 15770 | Lair:2   | Noticed Fannar
 15779 | Lair:2   | Killed Fannar
 15876 | Lair:2   | Received a gift from Okawaru
 16022 | Lair:2   | Found a hole to the Spider Nest.
 16030 | Lair:2   | Reached XP level 13. HP: 128/128 MP: 14/14
 16833 | Lair:3   | Reached ****** piety under Okawaru
 17652 | Lair:3   | Found a staircase to the Shoals.
 18095 | Lair:4   | Received a gift from Okawaru
 18972 | Lair:5   | Entered Level 5 of the Lair of Beasts
 19007 | Lair:4   | Reached skill level 10 in Shields
 19343 | Lair:4   | Identified the +6 quarterstaff of Big Damage {pain, Contam
                  | rF+++ rC- Dex+4} (Okawaru gifted it to you on level 4 of
                  | the Lair of Beasts)
 19343 | Lair:4   | Received a gift from Okawaru
 19344 | Lair:4   | Reached skill level 5 in Dodging
 19753 | Lair:5   | Reached XP level 14. HP: 140/140 MP: 16/16
 19938 | Lair:4   | Reached skill level 5 in Invocations
 20307 | Lair:5   | Identified the +2 robe of the Equinox {rC+ Int+6} (Okawaru
                  | gifted it to you on level 5 of the Lair of Beasts)
 20307 | Lair:5   | Received a gift from Okawaru
 20308 | Lair:5   | Reached skill level 10 in Throwing
 20638 | Lair:5   | Reached skill level 14 in Unarmed Combat
 21093 | Lair:5   | Reached skill level 5 in Armour
 21181 | Lair:5   | Found a viscous altar of Jiyva.
 21485 | Lair:5   | Found a staircase to the Slime Pits.
 21640 | Lair:5   | Identified the +1 leather armour of the Scuffed God {rF+
                  | Regen+ rCorr}
 21832 | Orc:1    | Entered Level 1 of the Orcish Mines
 21833 | Orc:1    | Noticed an orc warlord
 21863 | D:12     | Killed an orc warlord
 23357 | Orc:2    | Entered Level 2 of the Orcish Mines
 23357 | Orc:2    | Noticed Snorg
 23373 | Orc:2    | Killed Snorg
 23770 | Orc:2    | Found a staircase to the Elven Halls.
 24245 | Orc:2    | Found Meoceoga's General Store.
 24245 | Orc:2    | Found Nedi's General Store.
 24247 | Orc:2    | Found Padothre's Weapon Boutique.
 24249 | Orc:2    | Found Tarot's General Store.
 24253 | Orc:2    | Bought a scroll of identify for 28 gold pieces
 24378 | Orc:2    | Bought the +3 crown of Dyrovepreva {rElec Int+2 SInv} for
                  | 538 gold pieces
 24378 | Orc:2    | Found the +3 crown of Dyrovepreva {rElec Int+2 SInv}
 24392 | Orc:2    | Bought a potion of heal wounds for 70 gold pieces
 24392 | Orc:2    | Bought the ring "Tynnast" {rCorr Str+3} for 466 gold pieces
 24397 | Orc:2    | Bought a potion of curing for 39 gold pieces
 24397 | Orc:2    | Bought a scroll of identify for 26 gold pieces
 24397 | Orc:2    | Bought a scroll of teleportation for 39 gold pieces
 24401 | Orc:2    | Bought a potion of invisibility for 112 gold pieces
 24401 | Orc:2    | Bought a scroll of enchant armour for 105 gold pieces
 24667 | D:13     | Identified the ring of Heoreton {Will+ Dex+3}
 24705 | D:13     | Received a gift from Okawaru
 24794 | D:13     | Noticed Lodul
 24808 | D:13     | Killed Lodul
 24809 | D:13     | Reached skill level 10 in Fighting
 24863 | D:13     | Found a runed translucent gate.
 24863 | D:13     | Found a runed translucent gate.
 24863 | D:13     | Found a runed translucent gate.
 24871 | D:13     | Identified the +1 chain mail of Fiddatoa {rCorr Str-3 Int+8
                  | Dex-3}
 24875 | D:13     | Found an opulent altar of Gozag.
 24902 | D:13     | Noticed a purple very ugly thing
 24903 | D:13     | Noticed tarna41's ghost (journeyman MiBe)
 24904 | D:13     | Found Vuomakhu's Assorted Antiques.
 24992 | D:13     | You fall into a shaft and drop 2 floors!
 24992 | D:15     | Entered Level 15 of the Dungeon
 25089 | D:15     | Found a staircase to the Depths.
 25230 | D:15     | Reached XP level 15. HP: 149/149 MP: 18/18
 25567 | D:13     | Received a gift from Okawaru
 26003 | D:14     | Noticed Agnes
 26014 | D:13     | Killed Agnes
 26097 | D:14     | Found a gate to the Vaults.
 26302 | D:14     | Found a broken altar of Ashenzari.
 26504 | D:14     | Received a gift from Okawaru
 26841 | D:15     | Received a gift from Okawaru
 27435 | D:13     | Killed tarna41's ghost
 27621 | Spider:1 | Entered Level 1 of the Spider Nest
 27924 | Spider:1 | Slain by a culicivora

Illustrated notes

Levels and vault maps discovered:
D:1:      saegor_arrival_simple_a, layout_loops_ring, roderic_roman_lattice,
          st_stairs_7, grunt_decor_resistance
D:2:      layout_basic
D:3:      layout_loops_ring
D:4:      layout_rooms, gup_sewer_entry_bowl, serial_shops,
          nicolae_shop_hallway_stairs, uniq_blork_the_orc, uniq_duvessa
D:5:      layout_loops_ring, nicolae_overflow_crystal_walls,
          minmay_temple_entry_overgrown, serial_co_window_serial,
          co_window_paths_a, co_window_paths_a, co_window_of_opportunity_a,
          co_window_of_opportunity_a, co_window_paths_b, co_window_2corner,
          co_window_of_opportunity_c, co_window_unsneaky_path_d,
          co_window_unsneaky_path_e, co_window_paths_d, co_window_paths_e
D:6:      layout_loops_cross, mainiacjoe_overflow_boulevard,
          lemuel_crystal_altar, xom_confusion_cloud,
          chequers_ossuary_entry_cave, kennysheep_another_room, uniq_menkaure
D:7:      layout_loops_ring, serial_demonic, serial_demonic_d, serial_demonic_c,
          serial_demonic_c, serial_demonic_a, centaur_isle
D:8:      layout_loops_cross, mainiacjoe_overflow_concentric_impassable,
          serial_shops, nicolae_stop_n_shop_1
D:9:      layout_small_grid, nicolae_uskayaw_dance_hall,
          nicolae_overflow_hallway_of_the_gods,
          gammafunk_temple_overflow_elements, uniq_prince_ribbit1
D:10:     layout_layer_cave, nicolae_hepliaklqana_hazy_memory,
          grunt_lair_entry_orc_guard_hut, enter_bailey_1
D:11:     hangedman_cross_stitches, layout_layer_cave
D:12:     layout_basic, zombieorc2_lemuel, gauntlet_entry_generic,
          solitary_fountain
D:13:     layout_basic, ebering_ghost_gozag, uniq_lodul
D:14:     layout_rooms, david_vaults_2, nicolae_ashenzari_panopticon,
          minmay_alternating_orb, uniq_agnes
D:15:     hangedman_depths_entry_civil_slaughter, layout_basic,
          minmay_misc_feat_iff
Temple:   nicolae_temple_stand_before_the_council
Lair:1:   layout_chaotic_city, st_stairs_10, uniq_urug
Lair:2:   layout_layer_cave, nicolae_spider_entry_lesser_pyramids,
          grunt_megastairs_2, infiniplex_staircase_pool, lemuel_fruit_fields,
          uniq_fannar
Lair:3:   layout_loops_ring, minmay_shoals_entry_lonely_mermaid
Lair:4:   layout_misc_corridors, wad_woods_06, lemuel_fruit_fields
Lair:5:   minmay_lair_end_frog_pond, layout_regular_city,
          nicolae_slime_entry_field_trip
Spider:1: layout_spider_delve, uniq_nikola
Orc:1:    layout_caves, rock_pile
Orc:2:    st_orc_rangers, layout_diamond_mine, uniq_snorg

Skill      XL: |  1  2  3  4  5  6  7  8  9 10 11 12 13 14 15 |
---------------+----------------------------------------------+-----
Unarmed Combat | 3 4 5 6 7 9 10 11 12 13 14 | 14.9
Throwing       | 1 3 5 6 8 9 10 11 | 11.2
Shields        | 4 5 7 8 9 10 11 | 11.5
Fighting       | 4 5 6 7 8 9 10 | 10.6
Invocations    | 3 4 6 7 |  7.4
Armour         | 2 4 5 6 |  6.7
Dodging        | 3 5 6 7 |  7.3

Action                     |  1- 3 |  4- 6 |  7- 9 | 10-12 | 13-15 || total
---------------------------+-------+-------+-------+-------+-------++-------
  Melee: Unarmed           |    97 |    96 |   279 |   686 |   884 ||  2042
  Throw: Stone             |    10 |    19 |    48 |    17 |    19 ||   113
         Boomerang         |       |    11 |   185 |    27 |   316 ||   539
         Dart              |       |     3 |    11 |    89 |   153 ||   256
         Large rock        |       |       |       |    32 |    50 ||    82
         Javelin           |       |       |       |       |    16 ||    16
 Invoke: Heroism           |       |       |       |       |    16 ||    16
         Finesse           |       |       |       |       |    13 ||    13
  Evoke: Wand              |       |       |     4 |       |       ||     4
    Use: Scroll            |       |     3 |    10 |    11 |     9 ||    33
         Potion            |       |     2 |     1 |    13 |     8 ||    24
 Armour: Robe              |    23 |    29 |    89 |     1 |       ||   142
         Steam dragon scal |       |       |       |   256 |   192 ||   448
         Troll leather arm |       |       |       |       |    73 ||    73
  Dodge: Dodged            |    26 |    42 |   129 |   322 |   388 ||   907
         Repelled          |       |       |       |       |     7 ||     7
  Block: Kite shield       |    26 |    53 |   192 |   337 |    46 ||   654
         Tower shield      |       |       |       |       |   751 ||   751

Table legend: (Time is in decaauts)
 A = Elapsed time spent in this place.
 B = Non-inter-level travel time spent in this place.
 C = Inter-level travel time spent in this place.
 D = Time resting spent in this place.
 E = Time spent auto-exploring this place.
 F = Levels seen in this place.
 G = Mean time per level.
                   A        B        C        D        E       F      G
               +--------+--------+--------+--------+--------+-----+--------+
         Total |  27761 |  25481 |   2280 |   3183 |  16302 |  27 | 1028.2 |
       Dungeon |  16707 |  15158 |   1549 |   1191 |  10622 |  15 | 1113.8 |
        Temple |     23 |     14 |      9 |      0 |     11 |   1 |   23.0 |
          Lair |   7728 |   7122 |    606 |   1366 |   4170 |   5 | 1545.6 |
   Spider Nest |    191 |    191 |      0 |     82 |     22 |   1 |  191.0 |
  Orcish Mines |   1958 |   1842 |    116 |    543 |    912 |   2 |  979.0 |
         Sewer |    439 |    439 |      0 |      0 |    249 |   1 |  439.0 |
       Ossuary |    218 |    218 |      0 |      0 |    115 |   1 |  218.0 |
        Bailey |    494 |    494 |      0 |      0 |    200 |   1 |  494.0 |
               +--------+--------+--------+--------+--------+-----+--------+

Top non-repeatable levels by time:
    D:10: 2221 daAuts
  Lair:5: 1990 daAuts
  Lair:4: 1942 daAuts
    D:12: 1772 daAuts
     D:7: 1618 daAuts
  Lair:2: 1504 daAuts
     D:5: 1294 daAuts
    D:11: 1249 daAuts
  Lair:1: 1152 daAuts
  Lair:3: 1139 daAuts
    D:13: 1083 daAuts
    D:15: 1055 daAuts
   Orc:2: 1022 daAuts
     D:9: 981 daAuts
   Orc:1: 935 daAuts
